[Event "Championnat d'Europe Rapide"]
[Date "2024.12.08"]
[White "Hamitevici, Vladimir"]
[Black "Fressinet, Laurent"]
[WhiteElo "2423"]
[BlackElo "2588"]
[Round "7.18"]
[Result "1/2-1/2"]
[TimeControl "900+10"]

1. Nf3 Nf6 2. e3 g6 3.
b3 Bg7 4.
Bb2 c5 5.
Be2 O-O 6.
O-O Nc6 7.
c4 d6 8. d4 Bf5 9. Nh4 Bd7 10. dxc5 dxc5 11. Qc1 e5 12. Rd1 e4 13. Nc3 Qe7 14. Nd5 Nxd5 15.
Bxg7 Kxg7 16. cxd5 Ne5 17. Qc3 Qd6 18. Rac1 b6 19. f4 exf3 20. Nxf3 Rae8 21. b4 cxb4 22. Qc7 Qe7 23. Nxe5 Qxe5 24. Qxe5+ Rxe5 25. Rc7 Rxe3 26. Rd2 Rd8 27. Rxa7 b3 28. Kf2 Rc3 29. axb3 Rxb3 30. Rc2 Kf6 31. Bf3 Ke5 32. d6 Rd3 33. Rb7 Rxd6 34. Rb2 Be6 35. R7xb6 Rxb6 36. Rxb6 Rd2+ 37. Ke3 Ra2 38. Rb5+ Kf6 39. h4 h6 40. Rc5 g5 41. hxg5+ hxg5 42. Be4 Ra3+ 43. Kf2 g4 44. g3 Ke7 45. Rb5 f5 46. Bd5 Bd7 47. Rb6 Kd8 48. Rf6 Rd3 49. Bg2 Rd2+ 50. Kg1 Ke7 51. Rb6 Be6 52. Rb4 Kf6 53. Rf4 Ke5 54. Ba8 Bb3 55. Bg2 Bc2 56. Bb7 Re2 57. Bc6 Bd3 58. Bb7 Rb2 59. Bc6 Rb1+ 60. Kg2 Rb6 61. Ba8 Rb3 62. Kf2 Bb5 63. Bg2 Bd3 64. Ba8 Kf6 65. Bg2 Kg5 66. Bd5 Rb2+ 67. Kg1 Re2 68. Rd4 Bb1 69. Kf1 Re7 70. Kf2 Ra7 71. Rb4 Bd3 72. Rd4 Ra3 73. Bc6 Kf6 74. Rf4 Ke5 75. Bg2 Ra2+ 76. Kg1 Be4 77. Bxe4 fxe4 78. Rxg4 Kd4 79. Rg8 Kd3 80. Rd8+ Ke3 81. g4 Ke2 82. Kg2 e3 83. Re8 Ra3 84. Re5 Kd2 85. g5 Ra8 86. Rd5+ Ke1 87. Kf3 e2 88. Re5 Kf1 89. Rxe2 Rf8+ 90. Kg4 Kxe2 91. g6 Rf1 92. Kh5 Kf3 93. Kh6 Rh1+ 94. Kg7 Kg4 95. Kf8 Rf1+ 96. Ke8 Re1+ 97. Kf8 Ra1 98. g7 Ra8+ 99. Kf7 Ra7+ 100. Kf8 Rxg7 101. Kxg7 1/2-1/2

[Site "Europe Echecs"]

[Event "Championnat d'Europe Rapide"]
[Date "2024.12.08"]
[White "Lagarde, Maxime"]
[Black "Subelj, Jan"]
[WhiteElo "2600"]
[BlackElo "2526"]
[Round "7.19"]
[Result "1/2-1/2"]
[TimeControl "900+10"]

1. e4 e5 2.
Nf3 Nc6 3. Bb5 a6 4. Ba4 Nf6 5. Nc3 Be7 6. Bxc6 dxc6 7. d3 Bd6 8. Be3 Qe7 9. h3 Be6 10. a3 h6 11. Qd2 Nd7 12. Ne2 c5 13. Ng3 O-O-O 14. b4 cxb4 15. axb4 Bxb4 16. c3 Bc5 17. O-O Nb6 18. Rfb1 Nc4 19. Bxc5 Qxc5 20. Qe2 Nb6 21. d4 Qc4 22. Qe3 f6 23. d5 Bxd5 24. exd5 Rxd5 25. Rb4 Qd3 26. c4 Qxe3 27. fxe3 Rd3 28. Rab1 Rhd8 29. Nf5 Rd1+ 30. Kf2 a5 31. Rb5 Rxb1 32.
Rxb1 Nxc4 33. Nxg7 c6 34. Ne6 Rd5 35. e4 Rd6 36. Nc5 b6 37. Na4 Kc7 38. Ke2 b5 39. Nc5 Kb6 40. Na4+ Kc7 41. Nc5 Kb6 42. Na4+ Kc7 1/2-1/2

[Site "Europe Echecs"]

[Event "Championnat d'Europe Rapide"]
[Date "2024.12.08"]
[White "Kuzubov, Yuriy"]
[Black "Samunenkov, Ihor"]
[WhiteElo "2595"]
[BlackElo "2543"]
[Round "7.20"]
[Result "1/2-1/2"]
[TimeControl "900+10"]

1. c4 c5 2. Nf3 Nc6 3. Nc3 Nf6 4. e3 e5 5. Be2 d5 6. cxd5 Nxd5 7. O-O Nc7 8. a3 Be7 9. Qc2 O-O 10. Ne4 b6 11. b4 f5 12. Ng3 e4 13. Ne1 Qd6 14. d3 exd3 15. Nxd3 cxb4 16.
Nxb4 Nxb4 17. axb4 Bf6 18. Rd1 Qe7 19. Ra2 g6 20. Bf3 Be6 21. Bxa8 Rxa8 22. Ra3 Nb5 23. Qc6 Qe8 24. Qxe8+ Rxe8 25. Rad3 Rc8 26. Bd2 Bc4 27. Rd7 Be6 28. Rd3 Bc4 29. Rd7 Be6 30. Rd3 1/2-1/2

[Site "Europe Echecs"]

[Event "Championnat d'Europe Rapide"]
[Date "2024.12.08"]
[White "Bulmaga, Irina"]
[Black "Bernadskiy, Vitaliy"]
[WhiteElo "2386"]
[BlackElo "2546"]
[Round "7.21"]
[Result "0-1"]
[TimeControl "900+10"]

1. e4 g6 2.
d4 Bg7 3.
Nc3 a6 4. a4 d6 5. Nf3 Nf6 6. h3 O-O 7. Be2 b6 8. e5 Nfd7 9. Bg5 Bb7 10. O-O dxe5 11.
dxe5 Nxe5 12. Qxd8 Rxd8 13. Bxe7 Re8 14. Bg5 Nxf3+ 15. Bxf3 Bxf3 16. gxf3 Nc6 17. Rad1 Nd4 18. Kg2 b5 19. Rfe1 Rxe1 20. Rxe1 Nxc2 21. Rc1 Nd4 22.
axb5 axb5 23. Nd5 h6 24. Be3 Ra2 25. b4 Nc2 26. Bc5 Rb2 27. f4 Kh7 28. Kg3 c6 29. Ne7 Nxb4 30. Bxb4 Rxb4 31. Rxc6 Rb3+ 32. f3 Rb2 33. f5 Be5+ 34. f4 Rb3+ 35. Kf2 Bxf4 36. fxg6+ fxg6 37. Nxg6 Bg3+ 38. Kg2 b4 39. h4 Rc3 40. Rb6 Bc7 41. Nf8+ Kg8 42. Rxb4 Kxf8 43. Rg4 Kf7 44. Ra4 Kg6 45. Re4 Kf5 46. Ra4 Bf4 47. h5 Kg4 48. Ra2 Rh3 49. Ra5 Rh2+ 50. Kg1 Re2 51. Ra3 Be3+ 52. Kf1 Kf3 53. Ra8 Rc2 54. Rf8+ Bf4 55. Re8 Rh2 56. Kg1 Rxh5 57. Rf8 Ra5 0-1

[Site "Europe Echecs"]

[Event "Championnat d'Europe Rapide"]
[Date "2024.12.08"]
[White "Nevednichy, Vladislav"]
[Black "Fridman, Daniel"]
[WhiteElo "2451"]
[BlackElo "2571"]
[Round "7.22"]
[Result "1/2-1/2"]
[TimeControl "900+10"]

1. e4 e6 2.
d4 d5 3.
exd5 exd5 4. Nf3 Nf6 5. Bg5 Bd6 6. Bd3 Qe7+ 7. Qe2 Qxe2+ 8. Kxe2 Ne4 9. Be3 O-O 10. Nc3 Nxc3+ 11.
bxc3 Nc6 12.
h3 Re8 13.
Rhe1 Na5 14.
Nd2 f5 15.
g3 g5 16. f4 gxf4 17.
gxf4 Bxf4 18. Kf3 Bxe3 19. Rxe3 Rxe3+ 20. Kxe3 f4+ 21. Kxf4 Bxh3 22. Rg1+ Kh8 23. Rh1 Rf8+ 24. Kg5 Rg8+ 25. Kf4 Rf8+ 26. Kg5 1/2-1/2

[Site "Europe Echecs"]

[Event "Championnat d'Europe Rapide"]
[Date "2024.12.08"]
[White "Smeets, Jan"]
[Black "Savanovic, Aleksandar"]
[WhiteElo "2552"]
[BlackElo "2354"]
[Round "7.23"]
[Result "1-0"]
[TimeControl "900+10"]

1. e4 e5 2.
Nf3 Nc6 3. Bb5 a6 4. Ba4 Nf6 5. d3 d6 6. c4 g6 7. Nc3 Bg7 8. h3 O-O 9. O-O Nd7 10. Bg5 f6 11. Be3 Nc5 12. Bxc5 dxc5 13. Bxc6 bxc6 14. Qe2 Qd6 15. Rad1 Be6 16. Nd2 Rab8 17. Nb3 Rb4 18. Qe3 Re8 19. Qxc5 Qxc5 20. Nxc5 Rxb2 21.
Nxa6 Bc8 22.
Nc5 Bf8 23.
N5a4 Rc2 24.
Rc1 Rxc1 25.
Rxc1 Rd8 26.
Rd1 f5 27.
Kf1 Be6 28.
Ke2 Ra8 29.
f3 Kf7 30.
exf5 gxf5 31. g4 f4 32. Rb1 Be7 33. Rb7 Bd8 34. Nc5 Bc8 35. Rb1 Be7 36. N5e4 Ke6 37. Kd2 Kd7 38. h4 Ke6 39. h5 h6 40. Rg1 Rb8 41. Kc2 Bd7 42. Rb1 Ra8 43. Rb7 Bd8 44. Nc5+ Ke7 45. a4 Bc8 46. Rb1 Kf6 47. N3e4+ Kf7 48. Rg1 Ra5 49. Ra1 Be7 50. Nb3 Ra8 51. a5 Bb4 52. Ra4 Be7 53. Nbc5 Ra7 54. Kc3 Ra8 55. Ra2 Ra7 56. d4 Bd6 57. Nd3 Ke6 58. dxe5 Bxe5+ 59.
Nxe5 Kxe5 60. Nc5 Kf6 61. Kd4 Kg5 62. Ne4+ 1-0

[Site "Europe Echecs"]

[Event "Championnat d'Europe Rapide"]
[Date "2024.12.08"]
[White "Grigorov, Grigor"]
[Black "Baskin, Robert"]
[WhiteElo "2497"]
[BlackElo "2442"]
[Round "7.24"]
[Result "1-0"]
[TimeControl "900+10"]

1. Nf3 Nf6 2. d4 d5 3.
c4 e6 4. g3 Bb4+ 5. Bd2 Be7 6. Bg2 O-O 7. O-O c6 8. Qc2 Nbd7 9. Rd1 a5 10. Bg5 h6 11. Bxf6 Nxf6 12. Nbd2 b6 13. e4 Bb7 14. e5 Nd7 15. cxd5 cxd5 16. Rac1 Rc8 17. Qa4 Nb8 18. Bf1 Nc6 19. a3 Na7 20. Qb3 Bc6 21. Ba6 Rb8 22. Bd3 Qd7 23. Bb1 Bb5 24. Qc2 g6 25. Qc3 Rfc8 26. Qe3 Kg7 27. h4 Rxc1 28. Rxc1 Rc8 29. Re1 Ba6 30. Nh2 h5 31. Ndf3 Qb5 32. Qd2 Qc4 33. Ng5 Bxg5 34. Qxg5 Qxd4 35. Qf6+ Kg8 36. Nf3 Qxb2 37. Ng5 1-0

[Site "Europe Echecs"]

[Event "Championnat d'Europe Rapide"]
[Date "2024.12.08"]
[White "Gaponenko, Inna"]
[Black "Kadric, Denis"]
[WhiteElo "2343"]
[BlackElo "2544"]
[Round "7.25"]
[Result "0-1"]
[TimeControl "900+10"]

1. e4 d6 2. d4 Nf6 3. Nc3 e5 4. Nf3 Nbd7 5. Bc4 Be7 6. a4 O-O 7. O-O c6 8.
Ba2 a5 9. Re1 h6 10. h3 Re8 11. Be3 exd4 12. Bxd4 Nf8 13. e5 dxe5 14. Bxe5 Be6 15. Qxd8 Rexd8 16. Rad1 Bb4 17. Rxd8 Rxd8 18.
Bxe6 Nxe6 19. Rd1 Rxd1+ 20. Nxd1 Nd5 21. b3 b5 22. Nb2 f6 23. Bb8 Ba3 24. Nd3 bxa4 25. bxa4 Nb6 26. Nd2 Nxa4 27. Nb3 Bb4 28. f4 Bc3 29. Ba7 f5 30. g4 g6 31. gxf5 gxf5 32. Kf1 Bb4 33. Bb8 Nc3 34. Nxb4 axb4 35. Kf2 Nd5 36. Kf3 c5 37. Bd6 c4 38. Nd2 Nd4+ 39. Kf2 c3 40. Nb1 Nxc2 41. Ke2 Nd4+ 42. Kd3 c2 0-1

[Site "Europe Echecs"]

[Event "Championnat d'Europe Rapide"]
[Date "2024.12.08"]
[White "Cvitan, Ognjen"]
[Black "Danov, Lyubomir"]
[WhiteElo "2413"]
[BlackElo "2297"]
[Round "7.26"]
[Result "1/2-1/2"]
[TimeControl "900+10"]

1. d4 d5 2.
c4 c6 3. Nf3 Nf6 4. Nc3 e6 5. e3 a6 6. b3 Bb4 7. Bd2 O-O 8. Bd3 Nbd7 9. O-O c5 10. a3 Bxc3 11.
Bxc3 cxd4 12. Bxd4 dxc4 13. Bxc4 b5 14. Be2 Bb7 15. a4 b4 16. a5 Qe7 17. Rc1 Rfc8 18. Qd2 e5 19. Ba1 Ne4 20. Qa2 Nc3 21. Bxc3 bxc3 22. Rfd1 Nf6 23. Ne1 Bd5 24. Qa4 Rab8 25. Bc4 Bxc4 26. bxc4 Ne4 27. f3 Nc5 28. Qc2 e4 29. Qxc3 exf3 30. Nxf3 Rb3 31. Qe5 Qxe5 32. Nxe5 Rxe3 33. Rd5 Rxe5 34. Rxe5 Nd3 35.
Rce1 Nxe1 36. Rxe1 Kf8 37. Rb1 Rc5 38. Rb8+ Ke7 39. Rb7+ Ke8 40. Rb8+ Ke7 41. Rb7+ Ke8 1/2-1/2

[Site "Europe Echecs"]

[Event "Championnat d'Europe Rapide"]
[Date "2024.12.08"]
[White "Livaic, Leon"]
[Black "Domalchuk-Jonasson, Aleksandr"]
[WhiteElo "2560"]
[BlackElo "2377"]
[Round "7.27"]
[Result "1/2-1/2"]
[TimeControl "900+10"]

1. d4 Nf6 2.
c4 e6 3. Nf3 d5 4. g3 dxc4 5. Bg2 c5 6. O-O Nc6 7. dxc5 Qxd1 8. Rxd1 Bxc5 9. Nbd2 c3 10. bxc3 O-O 11. Nb3 Be7 12. Nfd4 Nxd4 13.
cxd4 Nd5 14.
Na5 Bb4 15.
Nc4 Bd7 16.
Bd2 Rfc8 17.
Bxd5 exd5 18. Ne3 Bxd2 19. Rxd2 Bc6 20. Rc1 f6 21. Rc5 Rd8 22. Nc2 a5 23. Ne1 Kf7 24. Rb2 Ke6 25. Nd3 Kd6 26. f3 Rdb8 27. Kf2 b6 28. Rc3 Be8 29. e4 dxe4 30. fxe4 Bg6 31. Ke3 Kd7 32. Nf4 Bf7 33. d5 Ra7 34. Rc6 b5 35. Nd3 b4 36. Kd4 Kd8 37. e5 fxe5+ 38. Nxe5 Be8 39. Kc5 Re7 40. Rd6+ Kc7 41. Nc6 Re3 42. Rc2 b3 43. axb3 Rbxb3 44. Rc4 a4 45. Nd4 Rbc3 46. Ne6+ Kb7 47. Rb6+ Ka7 48. Rb1 a3 49. Ra1 Bf7 50. Rxc3 Rxc3+ 51. Kd4 Rb3 52. Nc5 Rb4+ 53. Kc3 Rb5 54. Rxa3+ Kb6 55. Nd7+ Kc7 56. Nf8 Bxd5 57. Nxh7 Kd6 58. Ng5 Ke5 59. Nh3 Be4 60. Ra7 Rb7 61. Ra5+ Kf6 62. Nf4 Rd7 63. h4 g6 64. Kc4 Bf5 65. Nd5+ Kf7 66. Nf4 Kf6 67. Ra6+ Kf7 68. Kc5 Re7 69. Nd5 Rb7 70. Ra3 Kg7 71. Kd6 Rd7+ 72. Ke5 Rb7 73. Ra5 Kh6 74. Ra3 Kg7 75. Kf4 Be6 76. Ne3 Kf6 77. Ra4 Rb3 78. g4 Rb5 79. g5+ Kf7 80. Ra7+ Kf8 81. Nc2 Rd5 82. Ke4 Rc5 83. Nd4 Bf5+ 84. Kf4 Rd5 85. Ra4 Bd7 86. Rb4 Ke7 87. Nf3 Rf5+ 88. Ke3 Bc6 89. Nd4 Re5+ 90. Kf2 Be4 91. Rb6 Kf7 92. Ra6 Re7 93. Rf6+ Kg7 94. Ne6+ Kh7 95. Nf4 Bb1 96. Nd5 Rd7 97. Nf4 Re7 98. Rb6 Bc2 99. Nd5 Ra7 100. Ke3 Kg7 101. Rc6 Bb1 102. Rc7+ Rxc7 103. Nxc7 Kf7 104. Kd4 Ke7 105. Ke5 Ba2 106. Nb5 Bb1 107. Nc3 Bc2 108. Nd5+ Kf7 109. Kd6 Bf5 110. Nb6 Bh3 111. Nd7 Bf5 112.
Ne5+ Kf8 113. Nc4 Kf7 114. Ke5 Bh3 115. Nd2 Ke7 116. Ne4 Bf1 117. Nf6 Bc4 118. Ng4 Ba2 119. Kd4 Ke6 120. Ke4 Bb1+ 121. Kf4 Bc2 122.
Ne5 Bb1 123.
Nc6 Kd6 124.
Nd4 Kd5 125.
Ne2 Ke6 126.
Ke3 Kf5 127.
Nc3 Bc2 128.
Kf3 Bb3 129.
Nb5 Bd5+ 130. Kg3 Ba2 131. Nd4+ Ke5 132. Nc6+ Kd6 133. Nb4 Bb1 134. h5 Ke5 1/2-1/2

[Site "Europe Echecs"]

[Event "Championnat d'Europe Rapide"]
[Date "2024.12.08"]
[White "Stojanovski, Dejan"]
[Black "Dragicevic, Drazen"]
[WhiteElo "2407"]
[BlackElo "2332"]
[Round "7.28"]
[Result "1/2-1/2"]
[TimeControl "900+10"]

1. e4 e5 2. Nf3 Nf6 3. Nxe5 d6 4. Nf3 Nxe4 5. Qe2 Qe7 6. d3 Nf6 7. Nc3 Qxe2+ 8. Bxe2 c6 9. O-O Be7 10. Nd4 O-O 11. Bf3 Rd8 12. Re1 Bf8 13. h3 h6 14. Bf4 g5 15. Bg3 Bg7 16. Rad1 Na6 17. Nb3 Kf8 18. Na5 Ne8 19. a3 f5 20. Nxc6 bxc6 21.
Bxc6 Bd7 22.
Bxa8 Rxa8 23. f3 Rc8 24. d4 Rb8 25. Rb1 Bxd4+ 26. Bf2 Bxf2+ 27.
Kxf2 Nc5 28.
b4 Ne6 29.
Nd5 Rc8 30.
Rbc1 Kf7 31.
c4 Nf6 32.
Red1 Ne8 33.
Ne3 f4 34.
Nf5 Rc6 35.
c5 Nxc5 36.
Nxh6+ Kg6 37. bxc5 Kxh6 38. cxd6 Ra6 39. Rc3 Kg6 40. Rd5 Kf6 41. Rcd3 Ng7 42. g4 fxg3+ 43.
Kxg3 Nf5+ 44. Kf2 Rc6 45. Ra5 a6 46. Rd2 Nxd6 47. Rad5 Ke7 48. Rxg5 Bxh3 49. Rg7+ Kf6 50. Rh7 Be6 51. Rh6+ Kf7 52. Rh7+ Kf6 53. Rh6+ Kf7 54. Rh7+ Kf6 55. Rh6+ 1/2-1/2

[Site "Europe Echecs"]

[Event "Championnat d'Europe Rapide"]
[Date "2024.12.08"]
[White "Tudor, Henry Edward"]
[Black "Baidetskyi, Valentin"]
[WhiteElo "2375"]
[BlackElo "2519"]
[Round "7.29"]
[Result "1-0"]
[TimeControl "900+10"]

1. d4 Nf6 2.
c4 e6 3. Nc3 Bb4 4. e3 O-O 5. Bd3 Re8 6. Nge2 d5 7. O-O h6 8. e4 dxe4 9. Nxe4 Nxe4 10.
Bxe4 Nd7 11.
Qc2 e5 12.
d5 Nf6 13.
Bf5 e4 14.
Bxc8 Qxc8 15. b3 Bd6 16. Bb2 Ng4 17. h3 Nh2 18. Rfb1 Nf3+ 19. gxf3 Qxh3 20. f4 Qg4+ 21. Ng3 Bc5 22. Qc3 a5 23. Kg2 Ra6 24. f5 Rf6 25. f3 Qg5 26. fxe4 Rxe4 27. Re1 Rf4 28. Rf1 R6xf5 29. Rxf4 Rxf4 30. Rf1 Rg4 31. Bc1 Qg6 32. Rf4 Bd6 33. Rxg4 Qxg4 34. Qf3 Qg6 35. Bf4 Qb1 36. a4 Qb2+ 37. Kh3 Qf6 38. Nh5 Qf5+ 39. Kg2 Qc2+ 40. Kh3 Qf5+ 41. Qg4 Qd3+ 42. Ng3 f5 43. Qe2 Qxb3 44. Qe6+ Kh8 45. Qc8+ Kh7 46. Qxf5+ Kh8 47. Qc8+ Kh7 48. Qf5+ Kh8 49. Bxd6 cxd6 50. Qc8+ Kh7 51. Qf5+ Kh8 52. c5 dxc5 53. d6 1-0

[Site "Europe Echecs"]

[Event "Championnat d'Europe Rapide"]
[Date "2024.12.08"]
[White "Motylev, Alexander"]
[Black "Perunovic, Miodrag"]
[WhiteElo "2596"]
[BlackElo "2357"]
[Round "7.30"]
[Result "1-0"]
[TimeControl "900+10"]

1. d4 Nf6 2.
g3 e6 3. Bg2 d5 4. Nf3 Be7 5. c4 O-O 6. O-O Nbd7 7. Qc2 c6 8. Nbd2 b6 9. e4 Bb7 10. e5 Ne8 11. cxd5 exd5 12. Re1 Nc7 13. Nf1 Ne6 14. Ne3 c5 15. Nf5 Rc8 16. Qd1 Re8 17. a3 Bf8 18. h4 cxd4 19. b4 f6 20. Bh3 fxe5 21.
Nxe5 Nxe5 22. Rxe5 Qf6 23. Nh6+ gxh6 24. Bxe6+ Rxe6 25. Qg4+ Kh8 26. Rxe6 Qf7 27. Bb2 Rc4 28. Rae1 Qg7 29. Qf4 1-0

[Site "Europe Echecs"]

[Event "Championnat d'Europe Rapide"]
[Date "2024.12.08"]
[White "Krallis, Christos"]
[Black "Pantsulaia, Levan"]
[WhiteElo "2383"]
[BlackElo "2522"]
[Round "7.31"]
[Result "1-0"]
[TimeControl "900+10"]

1. e4 c6 2.
d4 d5 3. Nc3 dxe4 4. Nxe4 Nf6 5. Nxf6+ exf6 6. c3 Bd6 7. Bd3 h5 8. Ne2 h4 9. h3 Na6 10. O-O Nc7 11. Nf4 Ne6 12. Re1 Kf8 13. Qf3 Ng5 14. Ng6+ fxg6 15.
Bxg5 Bf5 16.
Bxf5 gxf5 17. Qxf5 Rh5 18. f4 Be7 19. Qg4 Rxg5 20. fxg5 fxg5 21. Rf1+ Kg8 22. Qe6+ Kh8 23. Rf7 1-0

[Site "Europe Echecs"]

[Event "Championnat d'Europe Rapide"]
[Date "2024.12.08"]
[White "Gavrilescu, David"]
[Black "Zawadzka, Jolanta"]
[WhiteElo "2549"]
[BlackElo "2331"]
[Round "7.32"]
[Result "1-0"]
[TimeControl "900+10"]

1. e4 c5 2.
Nf3 e6 3. d4 cxd4 4. Nxd4 Nc6 5. a3 Bc5 6. Nb3 Bb6 7. Nc3 Nge7 8. Bg5 O-O 9. Qd2 f6 10. Bf4 d5 11. exd5 Nxd5 12. Bg3 a5 13. Na4 Bc7 14. Rd1 Bxg3 15.
hxg3 Qc7 16.
Bd3 g6 17.
c4 Nde7 18.
Qc2 Ne5 19.
Be2 Bd7 20.
Nac5 a4 21.
Nxd7 Nxd7 22. Nd4 Nc5 23. O-O Rfd8 24. Bf3 Nc6 25. Nb5 Qe7 26. Rfe1 Ne5 27. Be2 Rac8 28. Qc3 Nc6 29. Qe3 b6 30. g4 Kg7 31. g5 fxg5 32. Bf3 Qf6 33. Rxd8 Nxd8 34. Nd6 1-0

[Site "Europe Echecs"]

[Event "Championnat d'Europe Rapide"]
[Date "2024.12.08"]
[White "Alonso Rosell, Alvar"]
[Black "Todorovic, Goran N"]
[WhiteElo "2532"]
[BlackElo "2256"]
[Round "7.33"]
[Result "1-0"]
[TimeControl "900+10"]

1. d4 e6 2.
Nf3 f5 3. e3 Nf6 4. Be2 d5 5. O-O Bd6 6. b3 Qe7 7. Bb2 O-O 8. c4 c6 9. Nbd2 Nbd7 10. Ne5 Ne4 11. f4 Nxd2 12.
Qxd2 Nf6 13. a4 Bd7 14. a5 a6 15. Qc1 Be8 16. Ba3 Bh5 17. Bd3 Nd7 18. Bxd6 Qxd6 19. Qa3 Qxa3 20. Rxa3 Nxe5 21.
fxe5 Rac8 22. Ra4 Rc7 23. Rb4 Be8 24. Rc1 Bd7 25. cxd5 exd5 26. Ra4 Be6 27. Ra2 Rd7 28. Rf2 g6 29. g3 Rff7 30. Kf1 Kf8 31. Ke2 Ke8 32. Kd2 Kd8 33. Rcf1 Kc7 34. Rf4 Rde7 35. Rh4 h5 36. Rhf4 Kd7 37. Ke2 Ke8 38. h3 Rh7 39. g4 hxg4 40. hxg4 Rh2+ 41. R1f2 Rxf2+ 42. Kxf2 fxg4 43. Bxg6+ Kd7 44. Kg3 c5 45. dxc5 Kc6 46. b4 Bd7 47. Rf6+ Kb5 48. Rb6+ Kc4 49. Rxb7 1-0

[Site "Europe Echecs"]

[Event "Championnat d'Europe Rapide"]
[Date "2024.12.08"]
[White "Maltsevskaya, Aleksandra"]
[Black "Guliyev, Namig"]
[WhiteElo "2368"]
[BlackElo "2484"]
[Round "7.34"]
[Result "1-0"]
[TimeControl "900+10"]

1. e4 c5 2.
Nf3 d6 3. d4 cxd4 4. Nxd4 Nf6 5. Nc3 a6 6. g3 e6 7. Bg2 Be7 8. O-O Bd7 9. Re1 Nc6 10. Nxc6 Bxc6 11. Bf4 Qb6 12. Bxd6 Rd8 13. e5 Bxg2 14.
Kxg2 Bxd6 15. exf6 gxf6 16. Qf3 Be5 17. Ne4 Ke7 18. c3 Rd7 19. Re2 Qc6 20. Rae1 h5 21. h4 b6 22. Ng5 Qxf3+ 23. Nxf3 Bb8 24. Nd4 Rc8 25. Rd1 Rd5 26. Rd3 Kd7 27. Rf3 Be5 28. Nc2 b5 29. Nb4 Rd6 30. Nd3 Ke7 31. Nxe5 fxe5 32. Rxe5 Rd2 33. b4 Rxa2 34. Rxh5 f5 35. Rh7+ Kf6 36. Re3 Rc6 37. Rd7 Ra3 38. Rdd3 e5 39. Rd5 e4 40. g4 fxg4 41. Rxe4 Raxc3 42. Rxg4 R3c4 43. Kg3 Rxg4+ 44. Kxg4 Rc4+ 45. f4 Rxb4 46. Rd6+ Kg7 47. Rxa6 Rb1 48. Kg5 Rg1+ 49. Kf5 b4 50. Rb6 Rb1 51. Rb7+ Kh6 52. Kf6 b3 53. f5 b2 54. Rb5 Kh5 55. Kf7 Kxh4 56. f6 Kh3 57. Rb4 Kh2 58. Rb3 Kh1 59. Rb4 Kg2 60. Kg7 Kh3 61. f7 Rg1+ 62. Kh6 Rf1 63. Kg6 b1=Q+ 64. Rxb1 Rxb1 65. f8=Q Rg1+ 66. Kh5 Rg3 67. Qf1+ Kh2 68. Qe1 Rf3 69. Kg4 Rf8 70. Qe5+ Kh1 71. Qd5+ Kg1 72. Qc5+ 1-0

[Site "Europe Echecs"]

[Event "Championnat d'Europe Rapide"]
[Date "2024.12.08"]
[White "Dinev, Dejan"]
[Black "Janik, Igor"]
[WhiteElo "2209"]
[BlackElo "2515"]
[Round "7.35"]
[Result "0-1"]
[TimeControl "900+10"]

1. d4 Nf6 2.
Nf3 b6 3. g3 Bb7 4. Bg2 c5 5. c3 g6 6. O-O Bg7 7. Nbd2 O-O 8. b3 a5 9. Bb2 a4 10. Re1 d5 11. Ne5 e6 12. Rc1 Nbd7 13. c4 Nxe5 14. dxe5 Nd7 15. f4 Qb8 16. cxd5 exd5 17. e4 a3 18. Ba1 d4 19. b4 Rd8 20. Nb3 Qa7 21. Bf1 Rac8 22. b5 Nf8 23. Bc4 Rc7 24. Qd3 Bc8 25. Kg2 Qa4 26. Nd2 Qa8 27. Qf3 h5 28. h3 Bh6 29. Re2 Ne6 30. Kh2 h4 31. f5 hxg3+ 32.
Kg1 gxf5 33.
Qxf5 Nf4 34.
Qf6 Nxh3+ 35. Kf1 Bg5 36. Qg6+ Kf8 37. Qh7 Bg4 38. Rg2 Qc8 39. Rxg3 Bxd2 40. Qh8+ Ke7 41.
Qf6+ Ke8 42. Qg7 Re7 43. Rc2 Bg5 44. Rcg2 Be6 45. Be2 Kd7 46. Rxa3 Qb7 47. Qh7 Bc1 48. Rxh3 Bxh3 49. Qxh3+ Kc7 50. Qf5 Kb8 51. Bc4 Qd7 52. Qf6 Re6 53. Bxe6 fxe6 54. Rg7 Qe8 55. a4 d3 56. Bc3 d2 57. Bxd2 Bxd2 58. Rh7 Bc3 59. Ke2 Qf8 60. Rf7 Qh8 61. Qxe6 Qh2+ 62. Ke3 Bd2+ 63. Kf3 Rd3+ 64. Kg4 Qh3# 0-1

[Site "Europe Echecs"]

[Event "Championnat d'Europe Rapide"]
[Date "2024.12.08"]
[White "Schneider, Ilja"]
[Black "Maier, Christian"]
[WhiteElo "2414"]
[BlackElo "2235"]
[Round "7.36"]
[Result "1-0"]
[TimeControl "900+10"]

1. Nf3 Nc6 2. e4 e5 3.
Nc3 Nf6 4.
d4 exd4 5.
Nxd4 Bb4 6.
Nxc6 bxc6 7.
Bd3 d5 8.
Bd2 O-O 9.
O-O Re8 10.
Nxd5 Nxd5 11. exd5 Bxd2 12. Qxd2 cxd5 13. b4 d4 14. Rfd1 Bb7 15. Bf1 Re6 16. Qxd4 Qg5 17. Rd3 g6 18. Re3 Rxe3 19. Qxe3 Qxe3 20. fxe3 Rd8 21. Bd3 f5 22. Rd1 Kg7 23. Be2 Rxd1+ 24. Bxd1 Be4 25. Kf2 Kf6 26. c4 Ke5 27. Bf3 Bd3 28. c5 g5 29. Ke1 Bc4 30. a3 Bf7 31. Kd2 h5 32. a4 h4 33. Kc3 g4 34. Bc6 Be6 35. b5 Bd5 36. Bxd5 Kxd5 37. c6 Kc5 38. g3 h3 39. Kb3 a6 40. bxa6 Kxc6 41. a5 1-0

[Site "Europe Echecs"]

[Event "Championnat d'Europe Rapide"]
[Date "2024.12.08"]
[White "Rodriguez Fontecha, Marcos"]
[Black "Alienkin, Aleksander"]
[WhiteElo "2278"]
[BlackElo "2337"]
[Round "7.37"]
[Result "1-0"]
[TimeControl "900+10"]

1. Nf3 Nf6 2. d4 e6 3.
Bg5 b6 4. e3 Bb7 5. Bd3 g6 6. O-O Bg7 7. Nbd2 d6 8. a4 a5 9. e4 h6 10. Bh4 g5 11. Bg3 Nh5 12. c3 Nd7 13. Ne1 Nxg3 14.
hxg3 O-O 15.
f4 e5 16.
Nc2 c5 17.
fxe5 dxe5 18. d5 f5 19. Ne3 f4 20. Nf5 Nf6 21. Nc4 fxg3 22. Qb3 Ba6 23. Rae1 Ng4 24. Rf3 Rb8 25. Rxg3 Nf6 26. Nxe5 Bxd3 27. Rxd3 Qe8 28. Nc6 Ra8 29. e5 Nh5 30. d6+ Kh8 31. d7 Qg6 32. Nce7 Qh7 33. Qxb6 Rad8 34. Ng6+ Kg8 35. Qe6+ 1-0

[Site "Europe Echecs"]

[Event "Championnat d'Europe Rapide"]
[Date "2024.12.08"]
[White "Papasimakopoulos, Alexandros"]
[Black "Aymerich Verdaguer, Eduard"]
[WhiteElo "2379"]
[BlackElo "2163"]
[Round "7.38"]
[Result "1-0"]
[TimeControl "900+10"]

1. Nf3 Nf6 2. b3 g6 3.
Bb2 Bg7 4.
g3 d6 5. d4 O-O 6. c4 Nfd7 7. Bg2 Nc6 8. O-O e5 9. dxe5 dxe5 10.
Nfd2 a5 11.
Nc3 Nd4 12.
e3 Ne6 13.
a3 Ndc5 14.
Rb1 f5 15.
Ba1 e4 16.
Qc2 c6 17.
Rfd1 Qg5 18.
Ne2 Bxa1 19.
Rxa1 Nd3 20.
Qc3 c5 21.
Nc1 Rd8 22.
Bf1 Nxc1 23.
Raxc1 Ra6 24. Nb1 Rad6 25. Rxd6 Rxd6 26. Qxa5 Qh5 27.
Qe1 Ng5 28.
Be2 Nf3+ 29.
Bxf3 exf3 30. Qf1 g5 31. Rd1 Rxd1 32. Qxd1 Be6 33. Qd8+ Kf7 34. Qb8 f4 35. exf4 Qg6 36. Nd2 g4 37. Qxb7+ Kg8 38. Qb8+ Kf7 39. Qc7+ Kg8 40.
Qb8+ Kf7 41.
Qb7+ Kg8 42.
Qe4 Bf5 43.
Qd5+ Kg7 44.
Qxc5 1-0

[Site "Europe Echecs"]

[Event "Championnat d'Europe Rapide"]
[Date "2024.12.08"]
[White "Ciric, Pavle"]
[Black "Pacher, Milan"]
[WhiteElo "2346"]
[BlackElo "2310"]
[Round "7.39"]
[Result "1/2-1/2"]
[TimeControl "900+10"]

1. e4 e5 2.
Nf3 Nc6 3.
Bb5 a6 4.
Ba4 Nf6 5.
O-O b5 6.
Bb3 Bc5 7.
a4 Rb8 8.
axb5 axb5 9.
Nxe5 Nxe5 10. d4 Bxd4 11. Qxd4 d6 12. f4 Nc6 13. Qc3 Ne7 14. Ra7 Rb7 15. Ra8 O-O 16. e5 Ne4 17. Qf3 Nc5 18. Nc3 Nxb3 19. cxb3 d5 20. Rd1 c6 21. Be3 Qd7 22. Bc5 Qg4 23. Qxg4 Bxg4 24. Rxf8+ Kxf8 25. Ra1 Ke8 26. h3 Be6 27. Ne2 Kd7 28. b4 h5 29. Kf2 g6 30. Nd4 Nf5 31. Nxe6 Kxe6 32. g4 hxg4 33. hxg4 Ng7 34. Ra8 f5 35. exf6 Kxf6 36. Rc8 Ne6 37. Rxc6 Kf7 38. Ke3 Rd7 39. Rd6 Rxd6 40. Bxd6 Nd8 41. f5 gxf5 42. gxf5 Nc6 43. Bc5 Kf6 44. Kf4 d4 45. Ke4 d3 46. Kxd3 Kxf5 1/2-1/2

[Site "Europe Echecs"]

[Event "Championnat d'Europe Rapide"]
[Date "2024.12.08"]
[White "Aizenberg, Benny"]
[Black "Avramidou, Anastasia"]
[WhiteElo "2425"]
[BlackElo "2298"]
[Round "7.40"]
[Result "1/2-1/2"]
[TimeControl "900+10"]

1. e4 c6 2. Nf3 d5 3. Nc3 dxe4 4. Nxe4 Nd7 5. Bc4 Ngf6 6. Qe2 Nxe4 7. Qxe4 Nf6 8. Ne5 e6 9. Qe2 Bd6 10. d4 Qc7 11. O-O b5 12. Bd3 a6 13. a4 Bb7 14. Bg5 h6 15. Bh4 Nd5 16. Bg3 O-O 17. Rfe1 Rfe8 18. c3 f6 19. Ng6 Bxg3 20. hxg3 Qd6 21. Nh4 f5 22. Ng6 bxa4 23. Rxa4 c5 24. Ne5 Nb6 25. Ra5 cxd4 26. c4 Nd7 27. Nxd7 Qxd7 28. Re5 Qc6 29. f3 g6 30. Rxe6 Rxe6 31. Qxe6+ Qxe6 32. Rxe6 Kf7 33. Rd6 Bc8 34. Rxd4 Ke7 35. c5 a5 36. Rd6 Be6 37. Bb5 Rc8 38. Rc6 Rxc6 39. Bxc6 g5 40. f4 Bc4 41. Kf2 Ke6 42. Ke3 Bd5 43. Be8 Bxg2 44. Kd4 Bf3 45. Bb5 gxf4 46. gxf4 h5 47. Bf1 h4 48. Kc4 Bc6 49. Bh3 Kf6 50. Kd4 Ke6 51. Kc4 Kf6 52. b4 axb4 53. Kxb4 Ke6 54. Ka5 Be4 55. Kb6 Kd7 56. Bf1 Bc6 57. Bd3 Be4 58. Bb5+ Ke7 59. c6 h3 60. c7 h2 61. c8=Q h1=Q 62. Qe8+ Kf6 63. Qf8 Ke6 64. Bc4 Bd5 65. Qg8 Kd6 66. Qb8 Kd7 67. Qc7+ Ke8 68. Qe5+ Kf8 69. Qxf5+ Ke7 70. Qe5+ Kf8 71. Bxd5 Qb1+ 72. Kc7 Qb8+ 73. Kc6 Qb5+ 74. Kc7 Qb8+ 75. Kd7 Qc8+ 76. Kd6 Qc7+ 77. Ke6 Qf7+ 78. Kd6 Qc7+ 79.
Kxc7 1/2-1/2

[Site "Europe Echecs"]